 Dungeon Crawl Stone Soup version 0.31-a0-1616-gbeaec30b81 (webtiles) character file.

Game seed: 17248088906991020646

95 Monkooky the Ruffian (level 4, 0/28 HPs)
             Began as an Octopode Shapeshifter on Jan 10, 2024.
             Was an Initiate of Okawaru.
             Splashed by a jelly's acid (9 damage)
             ... on level 3 of the Dungeon.
             The game lasted 00:03:23 (2153 turns).

Monkooky the Ruffian (Octopode Shapeshifter)        Turns: 2153, Time: 00:03:23

Health: 0/28       AC: -7    Str: 15    XL:     4   Next: 65%
Magic:  4/4        EV: 13    Int: 12    God:    Okawaru [......]
Gold:   135        SH:  0    Dex: 11    Spells: 3/3 levels left

rFire   . .          .
                       - Unarmed
rCold   . . .        (no shield)
rNeg    . . .        (helmet currently unavailable)
rPois   .            (no amulet)
rElec   .            d - ring of wizardry
rCorr   .            (no ring)
SInv    .            (no ring)
Will    .....        (no ring)
Stlth   ++           (no ring)
HPRegen 0.24/turn    (no ring)
MPRegen 0.09/turn    (no ring)
                     (no ring)

%: wizardry (x1)
@: beast-form, corroded
A: beast (slay +1), almost no armour, amphibious, 8 rings, camouflage 1,
gelatinous body 1, (nimble swimmer 1), tentacles
a: Begin Untransformation, Renounce Religion


You were on level 3 of the Dungeon.
You worshipped Okawaru.
Okawaru was noncommittal.
You were a hulking beast.
You visited 1 branch of the dungeon, and saw 4 of its levels.

You collected 135 gold pieces.

Inventory:

Missiles
 o - 10 poisoned darts (quivered)
Magical Staves
 h - a staff of earth
Jewellery
 d - a ring of wizardry (left tentacle)
Talismans
 b - a beast talisman
 c - a flux talisman
Scrolls
 j - 2 scrolls of enchant armour {unknown}
 k - 3 scrolls of teleportation {unknown}
 m - 2 scrolls of identify {unknown}
 n - a scroll of enchant weapon {unknown}
 r - a scroll of immolation {unknown}
 s - 2 scrolls of revelation {unknown}
 u - a scroll of vulnerability {unknown}
Potions
 a - 2 potions of lignification
 e - 3 potions of attraction {unknown}
 f - 3 potions of curing {unknown}
 g - 2 potions of mutation {unknown}
 i - a potion of brilliance {unknown}
 l - a potion of cancellation {unknown}
 p - 2 potions of invisibility {unknown}
 q - a potion of heal wounds {unknown}
 t - a potion of magic {unknown}


   Skills:
 + Level 1.1 Fighting
 + Level 2.1 Dodging
 + Level 5.1 Unarmed Combat
 - Level 3.0 Shapeshifting


You had 3 spell levels left.
You didn't know any spells.
Your spell library was empty.

Dungeon Overview and Level Annotations

Branches:
Dungeon (4/15)
 Temple: D:4-7

Altars:
Elyvilon
Okawaru

Shops:
D:1 (

Annotations:
D:3 3 runed translucent doors, Strewth's ghost, amateur MiFi


Innate Abilities, Weirdness & Mutations

You are a hulking beast.
Your limbs bulge with bestial killing power. (Slay +1)
You cannot wear most types of armour.
You are amphibious.
You can wear up to eight rings at the same time.
Your skin changes colour to match your surroundings (Stealth+).
Your rubbery body absorbs attacks. (AC +1, EV +1)
((You are camouflaged when in or above water. (Stealth+)))
You have tentacles for arms and can constrict up to eight enemies at once.


Message History

You are caught in a web!
There is a web here.
The web tears apart.
The adder barely misses you. The adder bites you but does no damage.
The ribbon worm bites you. The adder attacks as it pursues you!
The adder bites you.
The ribbon worm attacks as it pursues you!
The ribbon worm bites you.
There is a stone staircase leading up here.
The adder misses you. The adder closely misses you.
You climb upwards.
Level annotation: 3 runed translucent doors, Strewth's ghost, amateur MiFi
There is a stone staircase leading down, spattered with blood here.
You barely miss the adder. You grab the adder. You constrict the adder.
The adder bites you.
You bludgeon the adder!
The adder is almost dead.
You constrict the adder.
You kill the adder!
Okawaru accepts your kill.
You start resting.
HP restored.
You climb downwards.
The ribbon worm bites you!
There is a stone staircase leading up here.
You tentacle-slap the ribbon worm but do no damage.
You grab the ribbon worm. You constrict the ribbon worm.
The ribbon worm closely misses you.
You tentacle-slap the ribbon worm.
The ribbon worm is moderately wounded.
You constrict the ribbon worm. The ribbon worm barely misses you.
You tentacle-slap the ribbon worm. You squeeze the ribbon worm!
You kill the ribbon worm!
Okawaru accepts your kill. The jelly hits you. The acid corrodes you!
You are splashed with acid.
You climb upwards.
Level annotation: 3 runed translucent doors, Strewth's ghost, amateur MiFi
There is a stone staircase leading down, spattered with blood here.
You tentacle-slap the jelly. The acid corrodes you!
Your tentacles burn!
The jelly is lightly wounded.
The jelly hits you.
You are splashed with acid!
You die...

..##############...### #.#.# ##.#
..##..#..#.#..##.....# #.#.# ##.#
####..##.$)..###..#..###.#.###...
#..#.......#......##..#.....#.
#..##...?Z##..#....#..........
#..#...$ZZW#..##.........##..( #
#..###+++###.........#######'# #
#...........#....##..# ♣♣♣)♣ #
##...........h†..##### ♣♣)... #
##.###......J.....## ♣♣.....
####..###......>..#...###♣♣....≈.
........................#♣.......
.....#..#########.......#♣.......
.....###§.≈≈§≈≈..#......#♣..≈.[≈(
.......#.§..§..≈.#......#♣.......
.....#.#.§§≈≈§.≈.#......#♣.......
######.#.≈§.§§≈≈.#......#♣♣....≈.


You could see a jelly, a killer bee zombie and a bullfrog skeleton.

Vanquished Creatures
  2 adders (D:3)
  A dart slug (D:1)
  5 ribbon worms
  2 orcs (D:3)
  5 ball pythons
  8 endoplasms
  A giant cockroach (D:1)
  7 goblins
  5 hobgoblins
  2 jackals (D:3)
  A quokka (D:3)
  6 bats
  6 frilled lizards
  5 kobolds
  3 rats
59 creatures vanquished.

Notes
Turn   | Place    | Note
-------+----------+-------------------------------------------
     0 | D:1      | Monkooky the Octopode Shapeshifter began the quest for the
                  | Orb.
     0 | D:1      | Reached XP level 1. HP: 13/13 MP: 1/1
    72 | D:1      | Reached XP level 2. HP: 18/18 MP: 2/2
   569 | D:1      | Reached skill level 4 in Unarmed Combat
   649 | D:1      | Found Ycaj's Antique Weapon Emporium.
   785 | D:2      | Found an iron altar of Okawaru.
   810 | D:2      | Became a worshipper of Warmaster Okawaru
   819 | D:2      | Reached XP level 3. HP: 23/23 MP: 3/3
  1629 | D:3      | Found a runed translucent gate.
  1646 | D:3      | Found a white marble altar of Elyvilon.
  1673 | D:3      | Reached XP level 4. HP: 28/28 MP: 4/4
  1677 | D:3      | Found a runed translucent gate.
  1677 | D:3      | Found a runed translucent gate.
  1686 | D:3      | Noticed Strewth's ghost (amateur MiFi)
  1940 | D:3      | Reached skill level 5 in Unarmed Combat
  2153 | D:3      | Splashed by a jelly's acid

Illustrated notes

Levels and vault maps discovered:
D:1:      spicycebolla_green_bress_n_ham_2, layout_loops_ring, serial_shops,
          nicolae_shop_pleasant_corner_grove, minmay_door_square
D:2:      layout_basic, basic_altar, chequers_serial_rivers_room_b
D:3:      layout_rooms, mainiacjoe_overflow_paths, gammafunk_ghost_necromancy,
          kennysheep_generic_room_2
D:4:      layout_basic, cheibrodos_ashenzari_chains

Skill      XL: |  1  2  3  4 |
---------------+-------------+-----
Unarmed Combat | 4 5 |  5.1
Fighting       | |  1.1
Dodging        | |  2.1
Shapeshifting  | |  3.0

Action                     |  1- 3 |  4- 6 || total
---------------------------+-------+-------++-------
  Melee: Unarmed           |    86 |    24 ||   110
         Tentacles         |    16 |     2 ||    18
         Constrict         |    19 |     6 ||    25
         Punch             |     1 |     2 ||     3
   Stab: Sleeping          |     5 |     3 ||     8
 Armour: Skin              |    23 |    11 ||    34
  Dodge: Dodged            |    30 |    10 ||    40

Table legend: (Time is in decaauts)
 A = Elapsed time spent in this place.
 B = Non-inter-level travel time spent in this place.
 C = Inter-level travel time spent in this place.
 D = Time resting spent in this place.
 E = Time spent auto-exploring this place.
 F = Levels seen in this place.
 G = Mean time per level.
                   A        B        C        D        E       F      G
               +--------+--------+--------+--------+--------+-----+--------+
         Total |   2144 |   2108 |     36 |     36 |   1712 |   4 |  536.0 |
       Dungeon |   2144 |   2108 |     36 |     36 |   1712 |   4 |  536.0 |
               +--------+--------+--------+--------+--------+-----+--------+

Top non-repeatable levels by time:
     D:2: 847 daAuts
     D:1: 716 daAuts
     D:3: 566 daAuts
     D:4: 14 daAuts
